 Dungeon Crawl Stone Soup version 0.31-a0-836-g3ceb0a68c4 (webtiles) character file.

Game seed: 13788771087758052884

99 ipx the Chopper (level 4, -8/23 HPs)
             Began as a Vine Stalker Fighter on Sept 26, 2023.
             Succumbed to a water moccasin's poison
             ... on level 6 of the Dungeon.
             The game lasted 00:05:05 (402 turns).

ipx the Chopper (Vine Stalker Fighter)               Turns: 402, Time: 00:05:05

Health: -8/23      AC:  6    Str: 20    XL:     4   Next: 72%
Magic:  1/5        EV:  9    Int:  8    God:
Gold:   81         SH:  5    Dex: 20    Spells: 3/3 levels left

rFire   + . .        a - +0 war axe
rCold   . . .        c - +0 buckler
rNeg    . . .        b - +0 scale mail
rPois   .            (no helmet)
rElec   .            (no cloak)
rCorr   .            (no gloves)
SInv    .            (no boots)
Will    .....        (no amulet) Stlth
                     f - ring of protection from fire
HPRegen 1.03/turn    D - +6 ring of dexterity
MPRegen 0.09/turn

%: guardian spirit
@: lethally poisoned (-8 -> -39)
A: fangs 2, regeneration 1, magic shield, antimagic bite, no potion heal 2
a: no special abilities


You were on level 6 of the Dungeon.
You visited 1 branch of the dungeon, and saw 6 of its levels.

You collected 81 gold pieces.

Inventory:

Hand Weapons
 a - a +0 war axe (weapon)
Armour
 b - a +0 scale mail (worn)
 c - a +0 buckler (worn)
Jewellery
 f - a ring of protection from fire (left hand)
 D - a +6 ring of dexterity (right hand)
Scrolls
 e - 2 scrolls of amnesia
 g - a scroll of teleportation
 j - a scroll of noise {unknown}
 k - a scroll of identify {unknown}
Potions
 d - a potion of might
 h - a potion of degeneration {unknown}
 i - a potion of curing {unknown}
 l - a potion of attraction {unknown}


   Skills:
 - Level 2.6 Fighting
 + Level 4.3 Axes
 - Level 2.4 Armour
 - Level 2.6 Shields


You had 3 spell levels left.
You didn't know any spells.
Your spell library was empty.

Dungeon Overview and Level Annotations

Branches:
Dungeon (6/15)
 Temple: D:4-7

Altars:


Innate Abilities, Weirdness & Mutations

You have extremely sharp teeth.
Your natural rate of healing is unusually fast.
When hurt, damage is shared between your health and your magic reserves.
Your bite disrupts and absorbs the magic of your enemies.
Potions cannot restore your health.


Message History

There is a stone staircase leading down here.
You climb downwards.
There is a stone staircase leading up here.
There is a stone staircase leading down here.
You climb downwards.
Found a cloak.
Found a stone staircase leading down.
There is a stone staircase leading up here.
The orc closely misses you.
You hit the orc but do no damage. The orc hits you with a +0 mace.
You hit the orc.
The orc is almost dead.
You hit the water moccasin but do no damage.
The water moccasin bites you.
You are poisoned.
The water moccasin poisons you! The orc hits you with a +0 mace.
You block the water moccasin's attack.
You barely miss the orc. You bite the orc, but do no damage.
The orc is almost dead.
You slash the water moccasin!
You feel very sick.
The water moccasin bites you but does no damage.
The orc hits you with a +0 mace.
The water moccasin bites you but does no damage.
You hit the orc but do no damage.
The orc is almost dead.
You hit the water moccasin.
You feel very sick. You block the orc's attack. The water moccasin bites you.
* * * LOW HITPOINT WARNING * * *
You are lethally poisoned!
The water moccasin poisons you! The orc hits you with a +0 mace.
* * * LOW HITPOINT WARNING * * *
The water moccasin bites you.
* * * LOW HITPOINT WARNING * * *
You are more poisoned.
The water moccasin poisons you!
You hit the orc.
You kill the orc!
You closely miss the water moccasin.
You die...

.. # ### ..## #
#.#.# ... ..
#.#.# #.#
...##.#.##..####
..............#
#...........
...#^)@.......#
#......S<......#
..#[#..........#
#.....########
...#....
#...#...
#>......
##......# #....#


You could see a water moccasin.

Vanquished Creatures
  A bullfrog (D:4)
  An ufetubus (D:3)
  2 worms
  A dart slug (D:1)
  4 orcs
  A ball python (D:4)
  A bat (D:2)
  An endoplasm (D:4)
  2 giant cockroaches (D:1)
  A hobgoblin (D:1)
  2 kobolds
  3 quokkas
  A goblin (D:3)
21 creatures vanquished.

Notes
Turn   | Place    | Note
-------+----------+-------------------------------------------
     0 | D:1      | ipx the Vine Stalker Fighter began the quest for the Orb.
     0 | D:1      | Reached XP level 1. HP: 11/11 MP: 2/2
    45 | D:1      | Reached skill level 2 in Axes
    84 | D:1      | Reached XP level 2. HP: 16/16 MP: 3/3
   220 | D:3      | Reached skill level 3 in Axes
   224 | D:3      | Reached XP level 3. HP: 11/19 MP: 2/4
   243 | D:4      | Noticed a bullfrog
   249 | D:4      | Killed a bullfrog
   250 | D:4      | Reached skill level 4 in Axes
   250 | D:4      | Reached XP level 4. HP: 13/23 MP: 3/5
   301 | D:4      | Noticed an ogre
   342 | D:3      | You fall into a shaft and drop 2 floors!
   342 | D:5      | Entered Level 5 of the Dungeon
   395 | D:6      | Noticed a water moccasin
   402 | D:6      | Succumbed to a water moccasin's poison

Illustrated notes

Levels and vault maps discovered:
D:1:      dpeg_arrival_arbitrary_c, layout_basic
D:2:      layout_basic, uniq_jessica
D:3:      layout_loops_corners, serial_shops, nicolae_lakefront_shop
D:4:      layout_rooms
D:5:      cheibrodos_thug_alley, layout_gridville, kennysheep_generic_room_4
D:6:      layout_rooms, minmay_temple_entry_proselytizer, minmay_bent,
          uniq_crazy_yiuf_cottage

Skill      XL: |  1  2  3 |
---------------+----------+-----
Axes           | 2 3 4 |  4.3
Fighting       | |  2.6
Armour         | |  2.4
Shields        | |  2.6

Action                     |  1- 3 |  4- 6 || total
---------------------------+-------+-------++-------
  Melee: War axe           |    35 |    25 ||    60
         Bite              |     4 |     7 ||    11
    Use: Scroll            |     2 |     2 ||     4
         Potion            |     1 |       ||     1
 Armour: Scale mail        |    34 |    29 ||    63
  Dodge: Dodged            |    16 |    19 ||    35
  Block: Buckler           |     7 |     9 ||    16

Table legend: (Time is in decaauts)
 A = Elapsed time spent in this place.
 B = Non-inter-level travel time spent in this place.
 C = Inter-level travel time spent in this place.
 D = Time resting spent in this place.
 E = Time spent auto-exploring this place.
 F = Levels seen in this place.
 G = Mean time per level.
                   A        B        C        D        E       F      G
               +--------+--------+--------+--------+--------+-----+--------+
         Total |    422 |    415 |      7 |      0 |      0 |   6 |   70.3 |
       Dungeon |    422 |    415 |      7 |      0 |      0 |   6 |   70.3 |
               +--------+--------+--------+--------+--------+-----+--------+

Top non-repeatable levels by time:
     D:1: 119 daAuts
     D:4: 104 daAuts
     D:3: 95 daAuts
     D:2: 51 daAuts
     D:5: 44 daAuts
     D:6: 8 daAuts
